 Dungeon Crawl Stone Soup version 0.28.0-53-g5a82cb258f (webtiles) character file.

Game seed: 7558608302868655996

3672 DildoBatman the Magician (level 10, 0/74 HPs)
             Began as a Formicid Conjurer on June 30, 2022.
             Was a Priest of Kikubaaqudgha.
             Slain by a wolf (4 damage)
             ... led by Grum
             ... on level 8 of the Dungeon.
             The game lasted 00:21:28 (6560 turns).

DildoBatman the Magician (Formicid Conjurer)        Turns: 6560, Time: 00:21:29

Health: 0/74       AC:  7    Str: 12    XL:     10   Next: 34%
Magic:  10/20      EV: 11    Int: 18    God:    Kikubaaqudgha [***...]
Gold:   419        SH:  4    Dex: 13    Spells: 8/23 levels left

rFire   x . .      SeeInvis +   a - +11 mace "Dudu" {drain, rPois rF- Str-5 Stlth+}
rCold   + . .      Faith    .   O - +0 buckler
rNeg    . . .      Spirit   .   H - +1 robe "Daisiu" {Str+5}
rPois   +          Reflect  .   (helmet unavailable)
rElec   .          Harm     .   (no cloak)
rCorr   +          Rampage  .   h - +1 pair of gloves
Will    +....                   B - +0 pair of boots
Stlth   +++.......              r - amulet of regeneration
HPRegen 1.02/turn               i - ring of protection from cold
MPRegen 0.17/turn               t - ring of resist corrosion

@: no status effects
A: permanent stasis, dig shafts and tunnels, antennae 3, four strong arms
a: Dig, Shaft Self, Renounce Religion, Receive Corpses


You were on level 8 of the Dungeon.
You worshipped Kikubaaqudgha.
Kikubaaqudgha was most pleased with you.
You visited 2 branches of the dungeon, and saw 9 of its levels.
You also visited: Sewer.

You collected 419 gold pieces.

Inventory:

Hand Weapons
 a - the +11 mace "Dudu" (weapon) {drain, rPois rF- Str-5 Stlth+}
   (You found it on level 3 of the Dungeon)

   A truly terrible weapon, it drains the life of any living foe it strikes.
   Str:       It affects your strength (-5).
   rF:        It makes you vulnerable to fire.
   rPois:     It protects you from poison.
   Stlth:     It makes you more stealthy.
 b - a +2 trident of protection
 c - a +0 hunting sling
 e - a +4 vorpal spear
Missiles
 j - 52 sling bullets
 n - 149 arrows
 s - 3 silver boomerangs
 u - 38 poisoned darts
 G - 72 bolts
 J - 3 javelins
 L - 9 boomerangs
 N - a curare-tipped dart
 P - 211 stones
Armour
 h - a +1 pair of gloves (worn)
 B - a +0 pair of boots (worn)
 H - the +1 robe "Daisiu" (worn) {Str+5}
   (You found it on level 4 of the Dungeon)

   Str:       It affects your strength (+5).
 O - a +0 buckler (worn)
Magical Staves
 m - a staff of fire
 K - a staff of earth
Jewellery
 i - a ring of protection from cold (left hand)
 q - a ring of protection from cold
 r - an amulet of regeneration (around neck)
 t - a ring of resist corrosion (right hand)
Wands
 k - a wand of mindburst (5)
 y - a wand of flame (36)
 Q - a wand of iceblast (6)
Scrolls
 f - 2 scrolls of enchant armour {unknown}
 l - a scroll of enchant weapon {unknown}
 o - 2 scrolls of fog {unknown}
 p - 3 scrolls of vulnerability
 x - 3 scrolls of teleportation {unknown}
 z - 10 scrolls of identify
 C - 2 scrolls of magic mapping
 D - 2 scrolls of fear {unknown}
 F - 2 scrolls of amnesia {unknown}
 I - 3 scrolls of blinking {unknown}
 M - a scroll of noise {unknown}
Potions
 g - a potion of brilliance {unknown}
 v - a potion of haste {unknown}
 w - a potion of might {unknown}
 A - 2 potions of lignification {unknown}
 E - 3 potions of curing


   Skills:
 - Level 5.0 Fighting
 - Level 2.0 Maces & Flails
 - Level 6.0 Armour
 - Level 1.7 Dodging
 - Level 2.4 Stealth
 - Level 3.0 Shields
 - Level 7.0 Spellcasting
 - Level 6.0 Conjurations
 * Level 5.7 Necromancy
 * Level 3.1 Fire Magic
 * Level 4.8 Earth Magic


You had 8 spell levels left.
You knew the following spells:

 Your Spells              Type           Power      Damage    Failure   Level
a - Searing Ray           Conj           54%        2d6       1%          2
b - Stone Arrow           Conj/Erth      50%        3d10      4%          3
c - Magic Dart            Conj           100%       1d8       1%          1
d - Dispel Undead         Necr           27%        3d13      12%         4
e - Conjure Flame         Conj/Fire      22%        6-21      6%          3
z - Sublimation of Blood  Necr           27%        N/A       1%          2

Your spell library contained the following spells:

 Spells                   Type           Power      Damage    Failure   Level
 Animate Skeleton         Necr           54%        N/A       1%          1
 Foxfire                  Conj/Fire      88%        2x1d8     1%          1
 Pain                     Necr           100%       1d9       1%          1
 Corpse Rot               Necr/Air       32%        N/A       6%          2
 Passwall                 Tmut/Erth      11%        N/A       8%          2
 Dazzling Flash           Conj/Hex       34%        N/A       12%         3
 Animate Dead             Necr           13%        N/A       12%         4
 Ensorcelled Hibernation  Hex/Ice        12%        N/A       21%         2
 Inner Flame              Hex/Fire       12%        N/A       21%         3
 Flame Wave               Conj/Fire      22%        2d7       21%         4
 Gell's Gravitas          Tloc           6%         N/A       36%         3
 Teleport Other           Tloc           6%         N/A       36%         3
 Fulminant Prism          Conj/Hex       8%         3d7       36%         4
 Iskenderun's Mystic Bla  Conj/Tloc      17%        2d5       36%         4
 Anguish                  Hex/Necr       8%         N/A       38%         4
 Animate Armour           Summ/Erth      28%        N/A       45%         4
 Death Channel            Necr           13%        N/A       88%         6
 Simulacrum               Ice/Necr       8%         N/A       99%         6
 Dispersal                Tloc           3%         N/A       100%        6
 Lehudib's Crystal Spear  Conj/Erth      12%        10d4      100%        8
 Swiftness                Air            Unusable   N/A       N/A         3

Dungeon Overview and Level Annotations

Branches:
Dungeon (8/15)             Temple (1/1) D:5           Sewer (visited)
   Lair: D:8-11

Altars:
Dithmenos
Elyvilon
Fedhas
Kikubaaqudgha
Makhleb
Okawaru
Qazlal
Ru
Vehumet
Wu Jian
Xom
Yredelemnul
Zin

Annotations:
D:4 3 runed translucent doors, shaman420's ghost, amateur OpHu
D:5 2 transporters, Jerry's ghost, novice HuFi


Innate Abilities, Weirdness & Mutations

You cannot be hasted, slowed, berserked, paralysed or teleported.
You can dig through walls and to a lower floor.
You have a pair of large antennae on your head. (SInv)
Your four strong arms can wield two-handed weapons with a shield.


Message History

You kill the wolf!
Kikubaaqudgha accepts your kill. Grum closely misses you.
The searing ray hits Grum.
Grum is severely wounded.
The searing ray misses the wolf.
The searing ray hits the wolf.
The wolf is lightly wounded.
You finish channelling your searing ray.
You block Grum's attack.
Casting: Searing Ray (safe; 1% risk of failure)
Confirm with . or Enter, or press ? or * to list all spells.
Aiming: Searing Ray (safe; 1% risk of failure)
Press: ? - help, Shift-Dir - straight line, f/p - Grum
Aim: Grum, wielding a +1 glaive and wearing a +0 animal skin (severely wounded, 82% to hit)
The searing ray hits Grum.
Grum is severely wounded.
The searing ray misses the wolf.
The searing ray hits the wolf.
The wolf is moderately wounded. (Press . to maintain the ray.) Grum hits you from afar with a +1 glaive!!
Grum hits you with a +1 glaive!!
You hit Grum.
Grum is severely wounded.
Grum barely misses you.
You barely miss Grum.
Grum is severely wounded.
Grum barely misses you. Grum hits you with a +1 glaive!
You hit Grum but do no damage. You drain Grum.
Grum is almost dead.
Grum barely misses you.
You thump Grum!
You kill Grum!
Kikubaaqudgha accepts your kill. The wolf bites you.
You die...
Kikubaaqudgha rasps: "You have failed me!
Welcome... death!"

.##.##.# #.###
.##.##.##### #.# #....
...........# #.# #.###
.##.##.###.# #.. .....
.##.##.# #.# #.# #..##
.......# #.# #..
###.#### #.# #h# #.###
# #.### #.#####h# #....
# #...# #....##@# #####
# ###.# ###...#.# ##
#.# #......# .## #.#
#.......>....
..###.#####......######
...[......##...#.#
..###.###....<##.# .##
#............#
#####.^....##.####


You could see 2 wolves.

Vanquished Creatures
  Pikel (D:8)
  A wyvern (D:8)
  Grum (D:8)
  3 water moccasins
  3 orc warriors
  2 sky beasts
  A black bear (D:5)
  An ogre (D:6)
  2 wolves (D:8)
  A centaur (D:8)
  2 phantoms
  3 lemures (D:8)
  3 kobold brigands
  A gnoll sergeant (D:7)
  2 bullfrogs
  2 scorpions
  A water moccasin zombie (D:6)
  A water moccasin skeleton (D:6)
  2 centaur zombies (D:5)
  A hound (D:3)
  10 orc priests
  5 jellies
  A centaur skeleton (D:7)
  A scorpion zombie (D:5)
  3 iguanas
  5 orc wizards
  A hound zombie (D:5)
  Robin (D:2)
  10 gnolls
  4 adders
  A river rat (Sewer)
  2 shadow imps
  A white imp (D:5)
  6 worms
  24 orcs
  3 bats
  4 endoplasms
  2 giant cockroaches
  12 goblins
  6 hobgoblins
  21 kobolds
  3 quokkas
  14 ball pythons
  7 frilled lizards
  12 rats
193 creatures vanquished.

Notes
Turn   | Place    | Note
-------+----------+-------------------------------------------
     0 | D:1      | DildoBatman the Formicid Conjurer began the quest for the
                  | Orb.
     0 | D:1      | Reached XP level 1. HP: 13/13 MP: 3/3
     9 | D:1      | Found a faded altar of an unknown god.
   309 | D:1      | Reached XP level 2. HP: 19/19 MP: 3/5
   312 | D:1      | Learned a level 2 spell: Searing Ray
   768 | D:2      | Reached XP level 3. HP: 24/24 MP: 6/6
   935 | D:2      | Reached XP level 4. HP: 23/30 MP: 1/7
  1023 | D:2      | Reached skill level 5 in Conjurations
  1736 | D:3      | Reached XP level 5. HP: 35/35 MP: 8/8
  1766 | D:3      | Reached skill level 1 in Fighting
  1766 | D:3      | Reached skill level 1 in Armour
  2496 | D:5      | Entered Level 5 of the Dungeon
  2498 | D:5      | Found a staircase to the Ecumenical Temple.
  2505 | Temple   | Entered the Ecumenical Temple
  2518 | Temple   | Became a worshipper of Kikubaaqudgha
  2553 | D:5      | Reached XP level 6. HP: 43/43 MP: 8/10
  2619 | D:5      | Found a glowing drain.
  2622 | D:5      | Reached skill level 3 in Spellcasting
  2673 | Sewer    | Entered a sewer
  2908 | Sewer    | Reached skill level 4 in Spellcasting
  2908 | Sewer    | Reached XP level 7. HP: 49/50 MP: 5/13
  3058 | Sewer    | Reached * piety under Kikubaaqudgha
  3058 | Sewer    | Received a gift from Kikubaaqudgha
  3141 | Sewer    | Learned a level 2 spell: Sublimation of Blood
  3415 | D:5      | Noticed a hornet
  3422 | D:5      | Found a transporter.
  3480 | D:5      | Reached skill level 5 in Spellcasting
  3646 | D:5      | Noticed Jerry's ghost (novice HuFi)
  3663 | D:5      | Found a transporter.
  3759 | D:2      | Noticed Robin
  3792 | D:2      | Killed Robin
  3909 | D:3      | Reached ** piety under Kikubaaqudgha
  3910 | D:3      | Reached skill level 6 in Spellcasting
  3910 | D:3      | Reached XP level 8. HP: 55/56 MP: 12/17
  3930 | D:3      | Identified the +11 mace "Dudu" {drain, rPois rF- Str-5
                  | Stlth+}
  4163 | D:4      | Reached skill level 1 in Maces & Flails
  4184 | D:4      | Found a runed translucent gate.
  4184 | D:4      | Found a runed translucent gate.
  4184 | D:4      | Found a runed translucent gate.
  4184 | D:4      | Noticed shaman420's ghost (amateur OpHu)
  4198 | D:4      | Identified the +1 robe "Daisiu" {Str+5}
  4904 | D:6      | Reached skill level 7 in Spellcasting
  4969 | D:6      | Reached XP level 9. HP: 55/65 MP: 3/19
  5284 | D:6      | Reached skill level 5 in Fighting
  5284 | D:6      | Reached skill level 5 in Armour
  5670 | D:7      | Reached skill level 1 in Necromancy
  5708 | D:7      | Reached *** piety under Kikubaaqudgha
  5708 | D:7      | Received a gift from Kikubaaqudgha
  5753 | D:7      | Learned a level 3 spell: Stone Arrow
  5758 | D:7      | Learned a level 4 spell: Dispel Undead
  5895 | D:7      | Reached skill level 1 in Earth Magic
  6003 | D:7      | Learned a level 3 spell: Conjure Flame
  6275 | D:8      | Noticed Pikel
  6284 | D:8      | Killed Pikel
  6285 | D:8      | Reached skill level 5 in Necromancy
  6285 | D:8      | Reached skill level 1 in Fire Magic
  6285 | D:8      | Reached XP level 10. HP: 67/74 MP: 10/20
  6545 | D:8      | Noticed Grum
  6558 | D:8      | HP: 2/74 [Grum/+1 glaive (17)]
  6560 | D:8      | Killed Grum
  6560 | D:8      | Slain by a wolf

Illustrated notes

Levels and vault maps discovered:
D:1:      dpeg_arrival_fog, layout_loops_ring, basic_ecumenical_altar
D:2:      layout_loops_ring, minmay_misc_feat_nine_boxes,
          minmay_close_crescents, uniq_robin
D:3:      layout_basic, minmay_vboxes
D:4:      layout_layer_cave, gammafunk_ghost_necromancy
D:5:      layout_rooms, minmay_temple_entry_waves, cheibrodos_sewer_entry_bend,
          gammafunk_ghost_hive
D:6:      layout_basic
D:7:      layout_cave_pools
D:8:      layout_loops_ring, uniq_harold, uniq_pikel, uniq_grum
Temple:   grunt_wide_crystal_templ

Skill      XL: |  1  2  3  4  5  6  7  8  9 10 |
---------------+-------------------------------+-----
Conjurations   | 4 5 6 |  6.0
Fighting       | 1 2 4 5 |  5.0
Armour         | 1 2 4 6 |  6.0
Spellcasting   | 4 6 7 |  7.0
Maces & Flails | 2 |  2.0
Necromancy     | 5 |  5.7
Earth Magic    | 3 4 |  4.8
Shields        | 2 3 |  3.0
Fire Magic     | 1 3 |  3.1
Dodging        | |  1.7
Stealth        | |  2.4

Action                   |  1- 3 |  4- 6 |  7- 9 | 10-12 || total
-------------------------+-------+-------+-------+-------++-------
Melee: Short sword       |    17 |    83 |    86 |       ||   186
       Trident           |       |    11 |    29 |       ||    40
       Punch             |       |     2 |       |       ||     2
       Mace              |       |       |   107 |    21 ||   128
 Cast: Magic Dart        |     9 |     5 |    10 |     1 ||    25
       Searing Ray       |     5 |     8 |    23 |     6 ||    42
       Sublimation of Bl |       |       |     1 |       ||     1
 Abil: Dig               |       |     1 |       |       ||     1
  Use: Scroll            |       |     4 |       |       ||     4
 Stab: Sleeping          |     4 |     5 |     7 |       ||    16
Armor: Robe              |     1 |    14 |   100 |     9 ||   124
Dodge: Dodged            |    15 |    55 |   166 |    19 ||   255
Block: Buckler           |       |       |       |     9 ||     9
